 Dungeon Crawl Stone Soup version 0.20-a0-731-gecde0bf (console) character file.

322 nht the Slinger (level 6, -1/39 HPs)
             Began as a Halfling Hunter on Feb 22, 2017.
             Slain by Blork the orc
             ... wielding a +0 vampiric trident
              (6 damage)
             ... on level 4 of the Dungeon.
             The game lasted 00:03:52 (3181 turns).

nht the Slinger (Halfling Hunter)                   Turns: 3181, Time: 00:03:52

Health: -1/39      AC:  3    Str: 11 (13) XL:     6   Next: 76%
Magic:  6/6        EV: 14    Int: 11 (14) God:
Gold:   155        SH:  0    Dex: 15 (17) Spells: 5/5 levels left

rFire    + . .     SeeInvis .   o - +0 dagger (speed)
rCold    + . .     Gourm    .   c - +0 leather armour
rNeg     . . .     Faith    .   (shield restricted)
rPois    +         Spirit   .   (no helmet)
rElec    +         Reflect  .   (no cloak)
rCorr    +         Harm     .   (no gloves)
MR       .....                  (no boots)
Stlth    ++........             (no amulet)
Regen    0.2/turn               (no ring)
MPRegen  0.1/turn               (no ring)

@: brilliant, exhausted, resistant, very slightly contaminated, slowed,
invisible, very slow
A: mutation resistance 1
a: no special abilities


You were on level 4 of the Dungeon.
You were not hungry.

You visited 1 branch of the dungeon, and saw 4 of its levels.

You collected 155 gold pieces.

Inventory:

Hand Weapons
 a - a +1 hunting sling
 b - a +0 short sword
 o - a +0 dagger of speed (weapon)
Missiles
 j - 63 stones (quivered)
 m - 14 poisoned needles
Armour
 c - a +0 leather armour (worn)
 z - a +0 cloak
Scrolls
 d - 3 scrolls of remove curse
 h - a scroll of recharging {unknown}
 i - a scroll of magic mapping {unknown}
 l - 3 scrolls of identify {unknown}
 q - a scroll of random uselessness {unknown}
 r - 2 scrolls of enchant weapon {unknown}
 s - a scroll of immolation {unknown}
 u - 2 scrolls of amnesia {unknown}
 x - 2 scrolls of teleportation
 y - a scroll of fear {unknown}
 C - a scroll of noise {unknown}
Potions
 g - a potion of resistance
 t - 2 potions of berserk rage
 A - a potion of lignification
Comestibles
 f - 2 bread rations
 k - 2 meat rations
 w - a royal jelly


   Skills:
 - Level 1.7 Fighting
 + Level 10.7 Slings
 - Level 2.1 Dodging
 - Level 1.1 Stealth


You had 5 spell levels left.
You didn't know any spells.

Dungeon Overview and Level Annotations

Branches:
Dungeon (4/15)
 Temple: D:4-7

Altars:
Ru

Annotations:
D:4 Blork the orc


Innate Abilities, Weirdness & Mutations

You are small and have problems with some larger weapons.
You are somewhat resistant to further mutation.


Message History

You shoot a stone.
You feel less wooden.
Your +0 leather armour unmelds from your body.
Firing (i - inventory):
j - 64 stones (quivered)
Press: ? - help, Shift-Dir - straight line You shoot a stone.
A magic dart appears from out of thin air!
The magic dart hits you!
* * * LOW HITPOINT WARNING * * *
Quiver which item? (- for none, * to show all) (? for menu, Esc to quit)
Okay, then.
Okay, then.
Wield which item (- for none, * to show all)? (? for menu, Esc to quit)
Your hands tingle!
o - a +0 dagger of speed (weapon)
You're too exhausted to go berserk.
Something hits you.
* * * LOW HITPOINT WARNING * * *
Something hits you.
You die...

████████.█
█.████.........
.>.....@█████..
█%██..({.█
██.((██


██(██ .. █(█ █.█ █(█ ..█ █.█ ██'██ ..██ █.█ ██...██ .... ██.█ ██.....██ ██.█
There were no monsters in sight!

Vanquished Creatures
  A bullfrog (D:3)
  An orc priest (D:3)
  A centaur skeleton (D:4)
  A bullfrog skeleton (D:4)
  A worker ant (D:4)
  4 adders
  A gnoll (D:1)
  An ooze (D:3)
  3 worms
  3 dart slugs
  2 leopard geckos
  6 orcs (D:3)
  A ball python (D:1)
  A giant cockroach (D:2)
  5 goblins
  7 hobgoblins
  13 jackals (D:3)
  3 kobolds
  2 quokkas
  9 bats
  4 frilled lizards (D:3)
  6 rats
76 creatures vanquished.

Notes
Turn   | Place    | Note
-------+----------+-------------------------------------------
     0 | D:1      | nht the Halfling Hunter began the quest for the Orb.
     0 | D:1      | Reached XP level 1. HP: 14/14 MP: 1/1
    45 | D:1      | Reached skill level 6 in Slings
    54 | D:1      | Reached XP level 2. HP: 1/19 MP: 2/2
   582 | D:1      | Reached skill level 7 in Slings
   582 | D:1      | Reached XP level 3. HP: 24/24 MP: 3/3
  1446 | D:2      | Reached XP level 4. HP: 29/29 MP: 4/4
  1503 | D:2      | Reached skill level 8 in Slings
  2050 | D:3      | Reached XP level 5. HP: 27/34 MP: 5/5
  2242 | D:3      | Found a sacrificial altar of Ru.
  2326 | D:3      | Reached skill level 9 in Slings
  2339 | D:3      | Noticed a bullfrog
  2346 | D:3      | Killed a bullfrog
  2346 | D:3      | Reached XP level 6. HP: 34/39 MP: 6/6
  2394 | D:3      | Reached skill level 10 in Slings
  3139 | D:4      | Noticed Blork the orc
  3181 | D:4      | Slain by Blork the orc

Vault maps used:
D:1:      minmay_arrival_wavy_path
D:2:      minmay_tetromino_s2
D:3:      lemuel_doored_altar, first_bread
D:4:      kennysheep_mini, grunt_decor_arrowhead, uniq_blork_the_orc

Skill      XL: |  1  2  3  4  5  6 |
---------------+-------------------+-----
Slings         | 6 7 8 9 10 | 10.7
Fighting       | |  1.7
Dodging        | |  2.1
Stealth        | |  1.1

Action                   |  1- 3 |  4- 6 || total
-------------------------+-------+-------++-------
 Fire: Hunting sling     |    89 |   230 ||   319
  Use: Potion            |       |     7 ||     7
       Scroll            |       |     2 ||     2
  Eat: Chunk             |     1 |     5 ||     6
Armor: Leather armour    |     6 |    22 ||    28
       Skin              |       |     9 ||     9
Dodge: Dodged            |    14 |    44 ||    58
